 Dungeon Crawl Stone Soup version 0.25-a0-316-gd28d56f9c5 (webtiles) character file.

Game seed: 3241292156025885601, levelgen mode: classic

897 Borgoz the Cudgeler (level 8, -6/72 HPs)
             Began as a Gargoyle Gladiator on Dec 25, 2019.
             Killed by divine providence
             ... invoked by an orc priest
              (13 damage)
             ... on level 6 of the Dungeon.
             The game lasted 00:07:10 (4706 turns).

Borgoz the Cudgeler (Gargoyle Gladiator)            Turns: 4706, Time: 00:07:11

Health: -6/72      AC: 24    Str: 24    XL:     8   Next: 7%
Magic:  8/8        EV:  2    Int:  8    God:
Gold:   476        SH:  4    Dex: 13    Spells: 6/7 levels left

rFire    . . .     SeeInvis .   l - +2 whip (vamp)
rCold    . . .     Gourm    .   s - +0 buckler
rNeg     + + +     Faith    .   (armour currently unavailable)
rPois    ∞         Spirit   .   (helmet currently unavailable)
rElec    .         Reflect  .   (cloak currently unavailable)
rCorr    .         Harm     .   (gloves currently unavailable)
MR       .....     NoTele   +   (boots currently unavailable)
Stlth    +.........             (no amulet)
HPRegen  0.22/turn              i - +5 ring of strength
MPRegen  0.11/turn              (no ring)

@: tree-form, berserk cooldown, slowed, very slow
A: negative energy resistance 1, petrification resistance, rot immunity, AC +5
a: no special abilities


You were on level 6 of the Dungeon.
You were not hungry.
You were a tree.
You visited 1 branch of the dungeon, and saw 6 of its levels.

You collected 476 gold pieces.

Inventory:

Hand Weapons
 a - a +0 flail
 l - a +2 vampiric whip (weapon)
Missiles
 d - 3 throwing nets (quivered)
Armour
 s - a +0 buckler (worn)
 t - a +2 hat (melded)
 v - the +1 scale mail of Qeytyheapn (melded) {MR+ Str+3 Stlth-}
   (You found it on level 5 of the Dungeon)

   It affects your strength (+3).
   It affects your resistance to hostile enchantments.
   It makes you less stealthy.
Jewellery
 i - a +5 ring of strength (left branch)
Wands
 k - a wand of iceblast (6)
Scrolls
 b - 3 scrolls of identify
 e - a scroll of enchant weapon
 g - a scroll of teleportation
 j - 6 scrolls of remove curse
 n - a scroll of fog
Potions
 h - 6 potions of brilliance
 p - a potion of cancellation
Comestibles
 c - 11 chunks of flesh
 f - 9 rations


   Skills:
 + Level 4.4 Fighting
 * Level 5.7 Maces & Flails
 - Level 1.7 Throwing
 + Level 3.4 Armour
 * Level 4.8 Dodging
 + Level 2.1 Shields


You had 6 spell levels left.
You knew the following spells:

 Your Spells              Type           Power        Failure   Level  Hunger
a - Confusing Touch       Hex            #.....       50%         1    ##.....

Your spell library contained the following spells:

 Spells                   Type           Power        Failure   Level  Hunger
 Animate Skeleton         Necr           N/A          50%         1    ##.....
 Apportation              Tloc           #.....       50%         1    ##.....
 Magic Dart               Conj           #...         50%         1    ##.....
 Summon Small Mammal      Summ           #...         50%         1    ##.....
 Blink                    Tloc           N/A          63%         2    ###....
 Call Imp                 Summ           #.......     63%         2    ###....
 Slow                     Hex            #.......     63%         2    ###....
 Conjure Flame            Conj/Fire      #.......     86%         3    ####...
 Mephitic Cloud           Conj/Pois/Air  #.......     86%         3    ####...


Dungeon Overview and Level Annotations

Branches:
Dungeon (6/15)             Temple (0/1) D:5

Altars:
Gozag
Hepliaklqana
Vehumet

Annotations:
D:4 2 transporters, Lanoc's ghost, amateur NaVM; Pikel


Innate Abilities, Weirdness & Mutations

You are resistant to torment.
((Your stone body is resilient. (AC +5)))
You are immune to poison.
You resist negative energy. (rN+)
((You are resistant to electric shocks. (rElec)))
((You can survive without breathing.))
You are immune to petrification.
You are immune to rotting.


Message History

You are exhausted.
You feel yourself slow down. The bullfrog zombie closely misses you.
The bullfrog zombie hits you but does no damage.
It was a potion of lignification.
You turn into a tree.
Your +2 hat melds into your body.
The +1 scale mail of Qeytyheapn {MR+ Str+3 Stlth-} melds into your body.
Your roots penetrate the ground.
The bullfrog zombie hits you but does no damage. x2
The orc warrior hits you from afar with a +0 glaive.
* * * LOW HITPOINT WARNING * * *
You barely miss the bullfrog zombie.
The bullfrog zombie is almost destroyed.
The bullfrog zombie hits you but does no damage.
The orc warrior hits you but does no damage.
You whack the bullfrog zombie!
You destroy the bullfrog zombie!
The orc priest calls down the wrath of Beogh upon you.
Beogh smites you!
You die...

###############........## #..
#>......................###..
#..........####..........##..
#.#....###.####........#.##..
#.#....###...##........#..###
#.#....................#.....
#.#............#########.....
#.#............# #.#...
#.#.[....###♣### #.#...
#.###....# #.# #.#...
#.###....# #o# ..#...
####(.......###r###.###
#.#.#.
#..............O.......
......
#....##########o###.###
...... #....# #h# ....##
#....# #o# ... ###### #)#


You could see an orc warrior, an ogre, a hound, an orc priest, an orc and a
quokka.

Vanquished Creatures
  A sky beast (D:4)
  A slave (D:3)
  A centaur (D:6)
  2 bullfrogs (D:6)
  A howler monkey (D:6)
  2 crimson imps (D:5)
  A bullfrog zombie (D:6)
  2 hounds
  3 centaur skeletons (D:6)
  An orc wizard (D:6)
  A worker ant (D:6)
  An iguana (D:3)
  A killer bee zombie (D:6)
  A hound zombie (D:5)
  A worker ant zombie (D:5)
  4 gnolls (D:3)
  4 adders
  A shadow imp (D:5)
  A worm (D:2)
  3 dart slugs
  4 leopard geckos
  6 orcs
  A ball python (D:3)
  11 bats
  6 giant cockroaches
  5 goblins
  5 hobgoblins
  24 jackals
  4 frilled lizards
  A jackal skeleton (D:5)
  4 kobolds (D:1)
  5 rats
109 creatures vanquished.

Notes
Turn   | Place    | Note
-------+----------+-------------------------------------------
     0 | D:1      | Borgoz the Gargoyle Gladiator began the quest for the Orb.
     0 | D:1      | Reached XP level 1. HP: 12/12 MP: 1/1
    91 | D:1      | Reached XP level 2. HP: 18/18 MP: 2/2
   568 | D:1      | Reached XP level 3. HP: 22/22 MP: 3/3
   708 | D:1      | Reached skill level 1 in Armour
  1026 | D:2      | Found a radiant altar of Vehumet.
  1162 | D:2      | Learned a level 1 spell: Confusing Touch
  1350 | D:3      | Reached XP level 4. HP: 27/27 MP: 4/4
  2475 | D:3      | Reached XP level 5. HP: 25/32 MP: 5/5
  2479 | D:3      | Reached skill level 4 in Maces & Flails
  2694 | D:3      | Found an opulent altar of Gozag.
  2737 | D:4      | Found a transporter.
  2737 | D:4      | Noticed Lanoc's ghost (amateur NaVM)
  2746 | D:4      | Noticed Pikel
  2746 | D:4      | Noticed a slave
  2746 | D:4      | Noticed a slave
  2757 | D:4      | Noticed a slave
  2818 | D:3      | Killed a slave
  2861 | D:4      | Noticed a sky beast
  2880 | D:4      | Killed a sky beast
  2880 | D:4      | Reached XP level 6. HP: 32/37 MP: 6/6
  2920 | D:5      | Entered Level 5 of the Dungeon
  3321 | D:4      | Found a transporter.
  3418 | D:5      | Found a hazy altar of Hepliaklqana.
  3464 | D:5      | Got a slimy scale mail
  3475 | D:5      | Identified the cursed +1 scale mail of Qeytyheapn {MR+
                  | Str+3 Stlth-} (You found it on level 5 of the Dungeon)
  3520 | D:5      | Found a staircase to the Ecumenical Temple.
  4049 | D:4      | Noticed a slave
  4365 | D:6      | Reached XP level 7. HP: 42/42 MP: 7/7
  4433 | D:6      | Reached skill level 5 in Maces & Flails
  4433 | D:6      | Reached skill level 1 in Shields
  4683 | D:6      | Reached XP level 8. HP: 48/48 MP: 8/8
  4706 | D:6      | Killed from afar by an orc priest

Levels and vault maps discovered:
D:1:      dpeg_arrival_brainrot, layout_loops_corners
D:2:      layout_rooms, vehumet_crystals
D:3:      layout_basic, marbit_many_paths, first_ration
D:4:      layout_basic, gammafunk_ghost_arena, uniq_pikel, uniq_blork_the_orc
D:5:      layout_basic, nicolae_overflow_crystal_walls,
          minmay_temple_entry_offerings
D:6:      layout_basic, kennysheep_mini_moat

Skill      XL: |  1  2  3  4  5  6  7 |
---------------+----------------------+-----
Armour         | 1 2 3 |  3.4
Dodging        | 3 4 |  4.8
Fighting       | 3 4 |  4.4
Maces & Flails | 4 5 |  5.7
Shields        | 2 |  2.1
Throwing       | |  1.7

Action                   |  1- 3 |  4- 6 |  7- 9 || total
-------------------------+-------+-------+-------++-------
Melee: Flail             |    88 |       |       ||    88
       Whip              |    94 |   239 |   112 ||   445
Throw: Throwing net      |       |     1 |       ||     1
  Use: Scroll            |       |    12 |       ||    12
       Potion            |       |     1 |     2 ||     3
  Eat: Chunk             |     2 |     7 |       ||     9
       Ration            |       |     1 |       ||     1
Armor: Leather armour    |    50 |       |       ||    50
       Ring mail         |    55 |     1 |       ||    56
       Scale mail        |       |   114 |    50 ||   164
       Skin              |       |       |     4 ||     4
Dodge: Dodged            |   146 |   135 |    70 ||   351
Block: Buckler           |       |     7 |    11 ||    18

Table legend:
 A = Non-vault XP
 B = Vault XP
 C = Vault XP percentage of total XP
 D = Non-vault monster count
 E = Vault monster count
 F = Vault count percentage of total count
                 A         B        C        D         E       F
            +---------+---------+-------+---------+---------+-------
      Total |    1278 |       4 |   0.3 |     106 |       2 |   1.9
            +---------+---------+-------+---------+---------+-------
        D:1 |      43 |       2 |   4.4 |      23 |       1 |   4.2
        D:2 |      27 |       0 |   0.0 |      13 |       0 |   0.0
        D:3 |     183 |       2 |   1.1 |      26 |       1 |   3.7
        D:4 |     164 |       0 |   0.0 |       7 |       0 |   0.0
        D:5 |     180 |       0 |   0.0 |      16 |       0 |   0.0
        D:6 |     681 |       0 |   0.0 |      21 |       0 |   0.0
            +---------+---------+-------+---------+---------+-------
